 Seeded DCSS version 0.28.0-53-g5a82cb258f (webtiles) character file.

Game seed: 1122 (custom seed)

17 xaos the Stinger (level 2, 0/11 HPs)
             Began as a Spriggan Venom Mage on June 6, 2022.
             Was a Follower of Hepliaklqana.
             Succumbed to a kobold's poison
             ... on level 1 of the Dungeon.
             The game lasted 00:06:40 (2051 turns).

xaos the Stinger (Spriggan Venom Mage)              Turns: 2051, Time: 00:06:41

Health: 0/11       AC:  2    Str:  4    XL:     2   Next: 44%
Magic:  6/7        EV: 17    Int: 16    God:    Hepliaklqana [*.....]
Gold:   22         SH:  0    Dex: 15    Spells: 6/7 levels left

rFire   . . .      SeeInvis +   e - +0 dagger
rCold   . . .      Faith    .   (no shield)
rNeg    . . .      Spirit   .   a - +0 robe
rPois   .          Reflect  .   (helmet restricted)
rElec   .          Harm     .   (no cloak)
rCorr   .          Rampage  .   (gloves unavailable)
Will    .....                   (boots unavailable)
Stlth   ++........              (no amulet)
HPRegen 0.03/turn               (no ring)
MPRegen 0.10/turn               (no ring)

@: lethally poisoned (0 -> -6), very quick
A: reduced essence, very small, no large weapons, unfitting armour, see
invisible, speed 3
a: Renounce Religion, Recall Ancestor, Ancestor Identity


You were on level 1 of the Dungeon.
You worshipped Hepliaklqana.
Hepliaklqana was aware of your devotion.
You visited 1 branch of the dungeon, and saw 1 of its levels.

You collected 22 gold pieces.

Inventory:

Hand Weapons
 e - a +0 dagger (weapon)
Armour
 a - a +0 robe (worn)
Potions
 b - 3 potions of curing {unknown}
 c - a potion of degeneration {unknown}
 d - a potion of flight {unknown}


   Skills:
 + Level 2.9 Dodging
 + Level 3.2 Stealth
 + Level 3.1 Spellcasting
 + Level 1.5 Transmutations
 + Level 3.3 Poison Magic


You had 6 spell levels left.
You knew the following spells:

 Your Spells              Type           Power      Damage    Failure   Level
a - Sting                 Tmut/Pois      40%        1d5       7%          1

Your spell library contained the following spells:

 Spells                   Type           Power      Damage    Failure   Level
 Poisonous Vapours        Pois/Air       14%        N/A       14%         2
 Mephitic Cloud           Conj/Pois/Air  6%         N/A       34%         3
 Olgreb's Toxic Radiance  Pois           13%        N/A       41%         4


Dungeon Overview and Level Annotations

Branches:
Dungeon (1/15)

Altars:
Hepliaklqana


Innate Abilities, Weirdness & Mutations

Your life essence is reduced to manifest your ancestor. (-10% HP)
You are very small and have problems with some larger weapons.
You are too small for most types of armour.
You have supernaturally acute eyesight. (SInv)
You cover ground extremely quickly. (Speed+++)


Message History

You now have 21 gold pieces (gained 1).
You now have 22 gold pieces (gained 1).
There is a faded altar of an unknown god here.
You cannot tell which god this altar belongs to.
Convert to them anyway?
Uppercase [Y]es or [N]o only, please.
You cannot tell which god this altar belongs to.
Convert to them anyway?
Hepliaklqana accepts your prayer! Hepliaklqana welcomes you!
Hepliaklqana forms a fragment of your life essence into the memory of your ancestor, Sunngifu!
You can now recall your ancestor.
You can now remember your ancestor's identity.
You enter the shallow water.
Moving in this stuff is going to be slow.
As you open the door, it creaks loudly!
There is an open door here.
A rat comes into view.
The rat barely misses you.
Sunngifu hits the rat.
You catch the helpless rat completely off-guard!
You puncture the rat!
You kill the rat!
Found a stone staircase leading down.
A kobold comes into view. It is wielding a +2 dagger of venom.
The kobold shouts!
Sunngifu is recalled.
The kobold misses you.
You hit the kobold but do no damage. The kobold closely misses you.
Sunngifu closely misses the kobold.
You hit the kobold but do no damage.
The kobold hits you with a +2 dagger of venom.
Ouch! That really hurt!
Sunngifu closely misses the kobold.
You hit the kobold but do no damage.
The kobold hits you with a +2 dagger of venom.
* * * LOW HITPOINT WARNING * * *
You are lethally poisoned!
Sunngifu barely misses the kobold.
* * * LOW HITPOINT WARNING * * *
You feel sick.
Sunngifu barely misses the kobold.
You die...

#.#...## #.#...........#.'.#.
#R#.#### #.#....#......#.#.#.
#.#....# #.#....#......#.#.#
#.#.##.#######.##.#######..#.#.##
#...##.R.......##.# ..#.##.#
##...#.........#..# .##.##.
##...#.........#..# ##.##
#...#.........#..# ##..
#...#..........@># ###
....#.########...# ##.##.# #.K.#
.##. #.R.# ## #...######
#...#..... #...###### #...# #...#


You could see the friendly Sunngifu the ancestor and a kobold (ally target).

Vanquished Creatures
  2 ball pythons (D:1)
  A bat (D:1)
  An endoplasm (D:1)
  A goblin (D:1)
  2 hobgoblins (D:1)
  4 jackals (D:1)
  3 rats (D:1)
14 creatures vanquished.

Notes
Turn   | Place    | Note
-------+----------+-------------------------------------------
     0 | D:1      | xaos the Spriggan Venom Mage began the quest for the Orb.
     0 | D:1      | Reached XP level 1. HP: 9/9 MP: 5/5
   873 | D:1      | Reached XP level 2. HP: 13/13 MP: 5/7
  1947 | D:1      | Found a faded altar of an unknown god.
  1966 | D:1      | Prayed at the altar of an unknown god.
  1966 | D:1      | Became a worshipper of Hepliaklqana the Forgotten
  1966 | D:1      | Reached * piety under Hepliaklqana
  2051 | D:1      | Succumbed to a kobold's poison

Illustrated notes

Levels and vault maps discovered:
D:1:      evilmike_arrival_rings, layout_basic,
          hellmonk_ecumenical_altar_pennies_from_heaven,
          serial_co_window_serial, co_window_cross_1, co_window_corner_a,
          co_window_paths_a, co_window_corner_a, co_window_corner_a,
          co_window_paths_a, co_window_broadway_c, glass_columns_a,
          glass_columns_a

Skill      XL: |  1 |
---------------+----+-----
Spellcasting   | 3 |  3.1
Dodging        | |  2.9
Stealth        | |  3.2
Transmutations | |  1.5
Poison Magic   | |  3.3

Action                   || total
-------------------------++-------
Melee: Unarmed           ||    20
       Dagger            ||    21
       Punch             ||     1
 Cast: Sting             ||    17
Invok: Recall Ancestor   ||     1
 Stab: Distracted        ||     1
       Sleeping          ||     1
Armor: Robe              ||     5
Dodge: Dodged            ||    57
